 Dungeon Crawl Stone Soup version 0.28-b1-25-g9875b3fc8c (webtiles) character file.

Game seed: 14785478478841609115

979 adizb the Slicer (level 8, -1/48 (50) HPs)
             Began as an Octopode Brigand on Feb 2, 2022.
             Slain by a wight (10 damage)
             ... on level 5 of the Dungeon.
             The game lasted 00:21:40 (3453 turns).

adizb the Slicer (Octopode Brigand)                 Turns: 3453, Time: 00:21:41

HP:   -1/48 (50)    AC:  1    Str: 10    XL:     8   Next: 17%
MP:   8/8           EV: 13    Int: 13    God:
Gold: 224           SH:  0    Dex: 16    Spells: 7/7 levels left

rFire   . . .      SeeInvis .   a - +3 dagger
rCold   . . .      Faith    .   (no shield)
rNeg    . . .      Spirit   .   (helmet restricted)
rPois   .          Reflect  .   (no amulet)
rElec   .          Harm     .   g - ring of wizardry
rCorr   .          Rampage  .   (no ring)
Will    .....                   (no ring)
Stlth   ++++......              (no ring)
HPRegen 0.16/turn               (no ring)
MPRegen 0.11/turn               (no ring)
                                (no ring)
                                (no ring)

@: about to teleport, lightly drained
A: almost no armour, amphibious, 8 rings, camouflage 1, gelatinous body 1,
(nimble swimmer 1), tentacles
a: no special abilities


You were on level 5 of the Dungeon.
You visited 1 branch of the dungeon, and saw 5 of its levels.

You collected 224 gold pieces.

Inventory:

Hand Weapons
 a - a +3 dagger (weapon)
Missiles
 b - a boomerang
 c - 2 curare-tipped darts
 f - 7 poisoned darts
 o - 3 silver boomerangs (quivered)
Jewellery
 g - a ring of wizardry (left tentacle)
Wands
 m - a wand of mindburst (15)
Scrolls
 j - a scroll of enchant weapon
 p - a scroll of fear {unknown}
Potions
 e - 3 potions of curing
 h - a potion of ambrosia {unknown}
 i - a potion of degeneration {unknown}
 k - a potion of haste {unknown}
 n - a potion of brilliance {unknown}


   Skills:
 - Level 2.0 Fighting
 * Level 9.4 Short Blades
 - Level 2.0 Throwing
 - Level 1.0 Dodging
 - Level 5.3 Stealth


You had 7 spell levels left.
You didn't know any spells.
Your spell library contained the following spells:

 Spells                   Type           Power      Damage    Failure   Level
 Slow                     Hex            0%         N/A       12%         1
 Blink                    Tloc           0%         N/A       19%         2
 Confusing Touch          Hex            0%         N/A       34%         3
 Lesser Beckoning         Tloc           0%         N/A       34%         3
 Stone Arrow              Conj/Erth      0%         3d7       34%         3
 Vampiric Draining        Necr           0%         2d6       34%         3
 Lee's Rapid Deconstruct  Erth           0%         3d5*      96%         5
 Manifold Assault         Tloc           0%         N/A       96%         5
 Malign Gateway           Summ/Tloc      0%         N/A       100%        7
 Storm Form               Tmut/Air       0%         N/A       100%        7
 Lehudib's Crystal Spear  Conj/Erth      0%         10d2      100%        8
 Animate Armour           Summ/Erth      Unusable   N/A       N/A         4

Dungeon Overview and Level Annotations

Branches:
Dungeon (5/15)
 Temple: D:4-7

Altars:
Cheibriados
Elyvilon
Gozag
Vehumet
Wu Jian


Innate Abilities, Weirdness & Mutations

You cannot wear most types of armour.
You are amphibious.
You can wear up to eight rings at the same time.
Your skin changes colour to match your surroundings (Stealth+).
Your rubbery body absorbs attacks. (AC +1, EV +1)
((You are camouflaged when in or above water. (Stealth+)))
You have tentacles for arms and can constrict up to eight enemies at once.


Message History

You see here 14 gold pieces.
A wight comes into view. It is wielding a +2 flail.
The gnoll shaman shouts!
You hear a shout!
The gnoll shouts!
A wight comes into view. It is wielding a +3 spear.
A gnoll comes into view. It is wielding a +0 whip.
A gnoll comes into view. It is wielding a +0 spear.
You see here 14 gold pieces.
You closely miss the gnoll. Your grab misses the gnoll.
The gnoll barely misses you.
A wight comes into view. It is wielding a +3 spear of freezing.
You hit the gnoll. You grab the gnoll. You squeeze the gnoll!
The gnoll is almost dead.
You constrict the gnoll. The wight closely misses you.
The gnoll struggles to escape constriction.
You hit the gnoll but do no damage.
The gnoll is almost dead.
You constrict the gnoll.
You kill the gnoll!
The gnoll shaman invokes the aid of its god against you.
You are outlined in light.
The wight misses you.
You hit the wight but do no damage. Your grab misses the wight.
Your squeeze misses the wight. The wight hits you with a +3 spear!
You feel drained. The wight hits you with a +3 spear!
You hit the wight. You grab the wight. You squeeze the wight.
The wight is heavily damaged.
You are no longer glowing.
You constrict the wight. The wight closely misses you.
You hit the wight. Your grab misses the wight.
You squeeze the wight, but do no damage.
The wight is lightly damaged.
You constrict the wight, but do no damage.
The wight barely misses you. x2
As you read the scroll of teleportation, it crumbles to dust.
You feel strangely unstable.
You constrict the wight. The wight hits you with a +4 war axe!
* * * LOW HITPOINT WARNING * * *
The wight hits you with a +3 spear!
You die...

...#.......#...........##
...#....................#
..##....................#
.........................
#..####.................>
##.# ##.................
.#.####....#...........>.
##.........#...z...###...
.........#.....z@..# #.
....#...##.....z...#
....###.##........##
.....#...).......##
......#...........#
.....####.g.......#
.....####.........#
.....z.............#
...#...............#


You could see 3 wights and a gnoll.

Vanquished Creatures
  2 necrophages (D:4)
  An ogre (D:4)
  A scorpion (D:4)
  A water moccasin skeleton (D:4)
  A howler monkey (D:4)
  3 bullfrog zombies
  A hound (D:4)
  A bullfrog skeleton (D:5)
  A jelly (D:4)
  An iguana (D:5)
  A scorpion zombie (D:4)
  4 hound zombies (D:4)
  4 hound skeletons (D:4)
  Robin (D:4)
  5 gnolls
  A howler monkey skeleton (D:4)
  3 adders
  2 adder skeletons (D:4)
  4 worms
  15 orcs
  10 ball pythons
  5 endoplasms
  3 giant cockroaches
  12 goblins
  14 hobgoblins
  5 jackals
  2 quokkas
  4 bats
  2 frilled lizards (D:3)
  7 kobolds
  5 rats
122 creatures vanquished.

Vanquished Creatures (others)
  9 withered plants (D:4)
9 creatures vanquished.

Grand Total: 131 creatures vanquished

Notes
Turn   | Place    | Note
-------+----------+-------------------------------------------
     0 | D:1      | adizb the Octopode Brigand began the quest for the Orb.
     0 | D:1      | Reached XP level 1. HP: 14/14 MP: 1/1
   135 | D:1      | Reached XP level 2. HP: 9/19 MP: 2/2
   205 | D:1      | Reached skill level 3 in Short Blades
   483 | D:1      | Reached XP level 3. HP: 24/24 MP: 3/3
   522 | D:1      | Found a faded altar of an unknown god.
  1451 | D:3      | Reached skill level 4 in Short Blades
  1515 | D:3      | Reached XP level 4. HP: 17/29 MP: 4/4
  1900 | D:3      | Found a radiant altar of Vehumet.
  1902 | D:3      | Found an opulent altar of Gozag.
  1904 | D:3      | Found an ornate altar of the Wu Jian Council.
  1905 | D:3      | Found a white marble altar of Elyvilon.
  2100 | D:4      | Found a snail-covered altar of Cheibriados.
  2100 | D:4      | Noticed Robin
  2117 | D:4      | Reached skill level 5 in Short Blades
  2136 | D:4      | Reached XP level 5. HP: 32/34 MP: 5/5
  2143 | D:4      | Killed Robin
  2358 | D:4      | Reached skill level 6 in Short Blades
  2358 | D:4      | Reached XP level 6. HP: 25/39 MP: 6/6
  2539 | D:4      | Noticed a necrophage
  2556 | D:4      | Killed a necrophage
  2557 | D:4      | Reached skill level 7 in Short Blades
  2572 | D:4      | Reached XP level 7. HP: 35/45 MP: 7/7
  2577 | D:4      | Got the Handbook of the Warrior-Mage
  2689 | D:4      | Reached skill level 8 in Short Blades
  3222 | D:4      | Reached skill level 9 in Short Blades
  3222 | D:4      | Reached XP level 8. HP: 50/50 MP: 8/8
  3342 | D:5      | Entered Level 5 of the Dungeon
  3453 | D:5      | Slain by a wight

Illustrated notes

Levels and vault maps discovered:
D:1:      dpeg_arrival_leaves_temple_mockup, layout_loops_ring,
          hellmonk_ecumenical_altar_pennies_from_heaven, minmay_misc_feat_plants
D:2:      layout_basic
D:3:      layout_basic, mainiacjoe_overflow_alcove_3
D:4:      minmay_octagon_keep, layout_basic, mainiacjoe_overflow_alcove_4,
          serial_undead, serial_undead_d, serial_undead_c, serial_undead_b,
          serial_undead_b, serial_undead_b, serial_undead_b, uniq_robin
D:5:      layout_cave_pools, overflow_temple_1_default,
          lemuel_zombie_altar_kikubaaqudgha, lemuel_round_altar,
          serial_gnoll_camp, gnoll_camp_mini_loothouse,
          gnoll_camp_mini_sergeant, gnoll_camp_mini_hut, gnoll_camp_huts_moat

Skill      XL: |  1  2  3  4  5  6  7 |
---------------+----------------------+-----
Short Blades   | 3 4 5 6 7 9 |  9.4
Fighting       | |  2.0
Throwing       | |  2.0
Dodging        | |  1.0
Stealth        | |  5.3

Action                   |  1- 3 |  4- 6 |  7- 9 || total
-------------------------+-------+-------+-------++-------
Melee: Dagger            |    70 |    96 |    93 ||   259
       Constrict         |    16 |    25 |    23 ||    64
       Tentacles         |    11 |    35 |    30 ||    76
       Punch             |       |       |     1 ||     1
Throw: Dart              |    14 |    11 |       ||    25
       Boomerang         |       |    33 |    20 ||    53
  Use: Scroll            |     4 |       |     4 ||     8
       Potion            |       |     1 |       ||     1
 Stab: Sleeping          |    17 |     3 |     4 ||    24
Armor: Skin              |     7 |     5 |     1 ||    13
Dodge: Dodged            |    28 |    42 |    49 ||   119
